 Dungeon Sprint DCSS version 0.17-a0-1450-g7e755d1 (webtiles) character file.

294 emikaela the Slicer (level 6, -4/41 HPs)
             Began as a Kobold Assassin on July 1, 2015.
             Slain by a slime creature (16 damage)
             ... in the Dungeon (Sprint I: "Red Sonja").
             The game lasted 00:01:45 (377 turns).

emikaela the Slicer (Kobold Assassin)                Turns: 377, Time: 00:01:45

Health: -4/41      AC:  3    Str: 10    XL:     6   Next: 60%
Magic:  6/6        EV: 20    Int:  9    God:
Gold:   162        SH:  0    Dex: 19    Spells: 0 memorised, 5 levels left

rFire  . . .     SeeInvis .     b - +0 blowgun
rCold  . . .     Clarity  .     c - +0 robe
rNeg   . . .     SustAt   .     (shield restricted)
rPois  .         Gourm    .     (no helmet)
rElec  .         Spirit   .     d - +0 cloak
rCorr  .         Warding  .     (no gloves)
rMut   .         NoTele   +     (no boots)
MR     .....                    (no amulet)
Stlth  +++++.....               (no ring)
                                (no ring)

@: not resistant to hostile enchantments, quite stealthy
A: carnivore 3
a: no special abilities


You were in the Dungeon.
You were completely stuffed.

You visited 1 branch You collected 162 gold pieces.

Inventory:

Hand weapons
 a - a +2 dagger
 b - a +0 blowgun (weapon)
Missiles
 e - 17 poisoned needles (quivered)
Armour
 c - a +0 robe (worn)
 d - a +0 cloak (worn)
Magical devices
 n - a wand of polymorph (4)
 o - a wand of fire (10)
 p - a wand of random effects (21)
Scrolls
 m - a scroll of blinking
Potions
 h - a potion of curing
 i - a potion of heal wounds
 j - a potion of haste
 k - 2 potions of magic
 l - a potion of berserk rage
Comestibles
 g - a meat ration


   Skills:
 * Level 6.0 Fighting
 + Level 9.9 Short Blades
 * Level 7.3 Throwing
 * Level 6.3 Dodging
 * Level 9.2 Stealth


You had 5 spell levels left.
You didn't know any spells.

Dungeon Overview and Level Annotations

Branches:
Dungeon (1/1)

Altars:
Cheibriados
Dithmenos
Fedhas
Sif Muna
Vehumet
Jiyva


Innate Abilities, Weirdness & Mutations

You are small and have problems with some larger weapons.
You are carnivorous and can eat meat at any time.


Message History

The slime creature is lightly wounded.
The slime creature closely misses you.
b - a +0 blowgun (weapon)
Quiver which item? (- for none, * to show all) (? for menu, Esc to quit)
Quivering
f - 2 curare-tipped needles for blowguns.
Firing (i - inventory. (,) - cycle):
f - 2 curare-tipped needles (quivered)
Press: ? - help, Shift-Dir - straight line, f - slime creature
Aim: a slime creature (lightly wounded)
You shoot a curare-tipped needle.
The curare-tipped needle hits the slime creature.
The slime creature is lightly wounded.
The slime creature hits you!
You are too injured to fight recklessly!
Firing (i - inventory. (,) - cycle):
f - a curare-tipped needle (quivered)
Press: ? - help, Shift-Dir - straight line, f/p - slime creature
Aim: a slime creature You shoot a curare-tipped needle.
The curare-tipped needle hits the slime creature.
The slime creature hits you!
You die...

###################
#<.#.)'..#.)'..#__#
#..)..#..'..#.@J..+
#..#####'#####'#__#
#..# #..# #.####
#..# #### ##.# #..#
#+#..+ #⌠⌠# +..._#
#### #_.#+# ##+


You could see a slime creature.

Vanquished Creatures
  Sigmund (D)
  An ogre (D)
  A jelly (D)
  Ijyb (D)
4 creatures vanquished.

Notes
Turn   | Place    | Note
--------------------------------------------------------------
     0 | D        | emikaela the Kobold Assassin began the quest for the Orb.
     0 | D        | Reached XP level 1. HP: 12/12 MP: 1/1
     1 | D        | Noticed Ijyb
    14 | D        | Killed Ijyb
    14 | D        | Reached skill level 5 in Short Blades
    14 | D        | Reached skill level 6 in Stealth
    14 | D        | Reached XP level 2. HP: 10/19 MP: 2/2
    14 | D        | Reached XP level 3. HP: 12/23 MP: 3/3
   185 | D        | Noticed an ogre
   197 | D        | Killed an ogre
   197 | D        | Reached skill level 7 in Short Blades
   197 | D        | Reached skill level 5 in Throwing
   197 | D        | Reached XP level 4. HP: 18/30 MP: 4/4
   197 | D        | Reached XP level 5. HP: 20/34 MP: 5/5
   321 | D        | Noticed Sigmund
   324 | D        | Killed Sigmund
   324 | D        | Reached skill level 5 in Fighting
   324 | D        | Reached skill level 9 in Short Blades
   324 | D        | Reached XP level 6. HP: 38/41 MP: 6/6
   358 | D        | Found a deep blue altar of Sif Muna.
   359 | D        | Noticed a jelly
   360 | D        | Found a radiant altar of Vehumet.
   364 | D        | Killed a jelly
   371 | D        | Found a viscous altar of Jiyva.
   371 | D        | Found a blossoming altar of Fedhas.
   371 | D        | Noticed a slime creature
   372 | D        | Found a snail-covered altar of Cheibriados.
   372 | D        | Found a shadowy altar of Dithmenos.
   377 | D        | Slain by a slime creature

Vault maps used:
D:        dungeon_sprint_1

Action                   |  1- 3 |  4- 6 || total
-------------------------+-------+-------++-------
Melee: Unarmed           |     8 |       ||     8
       Dagger            |     3 |     3 ||     6
 Fire: Blowgun           |     5 |     2 ||     7
 Stab: Sleeping          |       |     2 ||     2
  Eat: Chunk             |     3 |     4 ||     7
